AoeStats
← Shredded_Pork

Black Forest

506320906Analyzed
4v4 RM · 20d ago on Sep 13, 2026· 31m 19s· 8 players
Game mode
Random Map
Map size
Large (8 player)
Population
200
Speed
Normal
Resources
Standard
Victory
Conquest
Starting age
Dark Age
Ending age
Imperial Age
RankedLock teamsTeams togetherTeam positionsShared explorationLock speedFull tech treeHidden civsTurbo modeCheats
Victory
Defeat
🇺🇸 Teutons · United States
795
+15
🇺🇸 Lithuanians · United States
785
+16
🇺🇸 Khmer · United States
747
+17
🇺🇸 Persians · United States
690
+19
🇺🇸 Portuguese · United States
807
-25
🇺🇸 Spanish · United States
804
-18
🇨🇳 Bohemians · China
761
-16
🇺🇸 Huns · United States
717
-21
heyo
2:47 Loom
15:52 Feudal Age
17:11 Wheelbarrow
22:45 Gold Mining
28:45 Castle Age
27:54 Double-Bit Axe
30:43 Bow Saw
GregStillson
11:58 Feudal Age
12:50 Horse Collar
14:53 Wheelbarrow
14:07 Town Watch
18:13 Scale Barding Armor
18:18 Scale Mail Armor
18:21 Padded Archer Armor
24:55 Castle Age
Elon Musket
0:47 Loom
20:30 Feudal Age
21:04 Double-Bit Axe
27:41 Castle Age
26:49 Horse Collar
27:49 Gold Mining
27:49 Stone Mining
28:26 Elite Skirmisher
28:37 Pikeman
Shredded_Pork
10:49 Feudal Age
11:19 Double-Bit Axe
11:16 Horse Collar
GorgonTheGreat
0:45 Loom
12:22 Feudal Age
16:06 Castle Age
16:17 Stone Mining
16:33 Double-Bit Axe
19:03 Wheelbarrow
19:46 Gold Mining
24:49 Horse Collar
C2E7W
6:56 Loom
11:22 Feudal Age
11:51 Town Watch
12:05 Double-Bit Axe
13:10 Horse Collar
13:43 Town Watch
16:48 Gold Mining
20:21 Wheelbarrow
22:36 Castle Age
21:01 Stone Mining
21:50 Forging
24:33 Stone Shaft Mining
24:22 Heavy Plow
24:38 Bow Saw
25:21 Fervor
25:53 Iron Casting
25:55 Scale Barding Armor
30:22 Imperial Age
29:43 Chain Barding Armor
31:18 Elite Leitis
elsack19
0:29 Loom
17:38 Feudal Age
23:35 Castle Age
23:28 Horse Collar
24:08 Bloodlines
24:20 Gold Mining
25:15 Heavy Plow
27:30 Husbandry
29:15 Scale Barding Armor
29:21 Forging
31:46 Iron Casting
redrazer7
7:18 Loom
13:40 Feudal Age
20:39 Castle Age
19:33 Double-Bit Axe
20:36 Fletching
20:34 Crossbowman
21:37 Bow Saw
22:15 Thumb Ring
25:07 Kamandaran
28:41 Bodkin Arrow
29:28 Padded Archer Armor
31:45 Stone Mining
Connection lost

Rejoining the realm…

Still unreachable

The connection could not be restored.

Session expired

The server has moved on; the page needs a fresh start.